 Dungeon Crawl Stone Soup version 0.28-a0-79-g444c7a33f5 (webtiles) character file.

Game seed: 4948888746475215193

198 siradein the Slasher (level 5, -1/38 HPs)
             Began as a Demonspawn Gladiator on Aug 3, 2021.
             Slain by an iguana (7 damage)
             ... on level 3 of the Dungeon.
             The game lasted 00:07:09 (4371 turns).

siradein the Slasher (Demonspawn Gladiator)         Turns: 4371, Time: 00:07:10

Health: -1/38      AC: 10    Str: 15    XL:     5   Next: 47%
Magic:  5/5        EV: 12    Int:  9    God:
Gold:   141        SH:  0    Dex: 15    Spells: 4/4 levels left

rFire   . . .      SeeInvis .   a - +0 long sword
rCold   . . .      Faith    .   (no shield)
rNeg    . . .      Spirit   .   b - +0 leather armour
rPois   .          Reflect  .   c - +0 helmet
rElec   .          Harm     .   (no cloak)
rCorr   .          Rampage  .   (no gloves)
Will    .....                   (no boots)
Stlth   +.........              (no amulet)
HPRegen 0.12/turn               (no ring)
MPRegen 0.09/turn               (no ring)

@: sanguine armoured
A: sanguine armour 1
a: no special abilities


You were on level 3 of the Dungeon.
You visited 1 branch of the dungeon, and saw 4 of its levels.

You collected 141 gold pieces.

Inventory:

Hand Weapons
 a - a +0 long sword (weapon)
Missiles
 d - 4 throwing nets (quivered)
Armour
 b - a +0 leather armour (worn)
 c - a +0 helmet (worn)
Jewellery
 q - an amulet of guardian spirit
Scrolls
 e - 6 scrolls of identify {unknown}
 f - a scroll of amnesia {unknown}
 g - 3 scrolls of enchant weapon {unknown}
 i - a scroll of brand weapon {unknown}
 k - a scroll of fog {unknown}
 n - a scroll of teleportation {unknown}
 o - 2 scrolls of noise {unknown}
 s - a scroll of silence {unknown}
Potions
 h - 3 potions of curing {unknown}
 j - a potion of might {unknown}
 l - 2 potions of flight {unknown}
 m - 2 potions of brilliance {unknown}
 p - a potion of haste {unknown}
 r - a potion of resistance {unknown}


   Skills:
 - Level 2.0 Fighting
 + Level 5.7 Long Blades
 - Level 1.7 Throwing
 - Level 2.6 Dodging


You had 4 spell levels left.
You didn't know any spells.
Your spell library contained the following spells:

 Spells                   Type           Power      Damage    Failure   Level
 Conjure Flame            Conj/Fire      0%         6-21      83%         3
 Ignite Poison            Fire/Tmut/Pois 0%         N/A       83%         3
 Sticky Flame             Conj/Fire      0%         2d3       99%         4


Dungeon Overview and Level Annotations

Branches:
Dungeon (4/15)
 Temple: D:4-7

Altars:
Fedhas
Makhleb


Innate Abilities, Weirdness & Mutations

When seriously injured, your bleeding wounds create armour. (AC +6)


Message History

The iguana is heavily wounded.
The iguana bites you!
* * * LOW HITPOINT WARNING * * *
You hit the iguana but do no damage.
The iguana is heavily wounded.
The iguana bites you!
* * * LOW HITPOINT WARNING * * *
The iguana barely misses you.
Things that are here:
a +0 club; a goblin corpse The iguana bites you.
* * * LOW HITPOINT WARNING * * *
The iguana hisses menacingly.
The iguana bites you.
* * * LOW HITPOINT WARNING * * *
The iguana barely misses you.
The iguana hisses menacingly.
You see here 12 stones.
The iguana closely misses you.
You riposte.
You hit the iguana.
The iguana is lightly wounded.
The iguana closely misses you.
Items here: ))))).
The iguana hisses menacingly.
There is a stone staircase leading up here.
The iguana closely misses you.
You climb upwards.
There is a stone staircase leading down here.
You barely miss the iguana. The iguana closely misses you.
You hit the iguana.
The iguana is lightly wounded.
The iguana bites you!
* * * LOW HITPOINT WARNING * * *
The iguana bites you!
* * * LOW HITPOINT WARNING * * *
The iguana bites you!
* * * LOW HITPOINT WARNING * * *
Things that are here:
a +0 club; a +0 club The iguana bites you!
You die...

.........#............#########.#
.....).##.######.###### #.#
..........######.# #.#
.......#.........# #.#
..........######## #.#
########..# ####<# #..########
#....# ########....)..l.# #.####
.........#######@####### ###.###
########## #........# #.....# .#
#..#####.# #.....## .# #..# #.#
#....... .# ########..## #.#
#.....## ># #.........># #.#
#.....## .#
#.######...####.########## .# #.#
###.|..........# # .# #.#
#....#####.###.# #


You could see an iguana.

Vanquished Creatures
  A bullfrog zombie (D:4)
  A hound skeleton (D:4)
  7 gnolls
  An adder (D:3)
  2 worms
  2 dart slugs (D:1)
  3 orcs (D:2)
  4 ball pythons
  5 endoplasms
  5 giant cockroaches
  6 goblins
  5 hobgoblins
  5 quokkas
  8 bats
  7 frilled lizards
  3 kobolds
  A rat (D:1)
66 creatures vanquished.

Vanquished Creatures (others)
  2 plants (D:2)
2 creatures vanquished.

Grand Total: 68 creatures vanquished

Notes
Turn   | Place    | Note
-------+----------+-------------------------------------------
     0 | D:1      | siradein the Demonspawn Gladiator began the quest for the
                  | Orb.
     0 | D:1      | Reached XP level 1. HP: 16/16 MP: 1/1
   190 | D:1      | Reached skill level 3 in Long Blades
   458 | D:1      | Gained mutation: When seriously injured, your bleeding
                  | wounds create armour. (AC +6) [demonic ancestry]
   458 | D:1      | Reached XP level 2. HP: 22/22 MP: 2/2
   930 | D:1      | Reached XP level 3. HP: 26/27 MP: 3/3
   971 | D:1      | Found a faded altar of an unknown god.
  1085 | D:2      | Found a burning altar of Makhleb.
  1418 | D:2      | Reached skill level 4 in Long Blades
  2737 | D:3      | Reached XP level 4. HP: 33/33 MP: 4/4
  2794 | D:3      | Found a blossoming altar of Fedhas.
  3369 | D:3      | Reached skill level 5 in Long Blades
  3681 | D:4      | Reached XP level 5. HP: 21/38 MP: 5/5
  4371 | D:3      | Slain by an iguana

Illustrated notes

Levels and vault maps discovered:
D:1:      dpeg_arrival_lava_temple_mockup, layout_rooms,
          hellmonk_ecumenical_altar_inner_sanctum
D:2:      minmay_general_purpose_star, layout_basic, basic_altar,
          serial_bayou_pond_e, serial_bayou_lake_a
D:3:      layout_loops_ring, fedhas_altar_1, st_stairs_12, chequers_mini_garden
D:4:      layout_basic, minmay_misc_feat_five, minmay_checkerbox

Skill      XL: |  1  2  3  4 |
---------------+-------------+-----
Long Blades    | 3 4 5 |  5.7
Fighting       | |  2.0
Throwing       | |  1.7
Dodging        | |  2.6

Action                   |  1- 3 |  4- 6 || total
-------------------------+-------+-------++-------
Melee: Long sword        |   130 |    80 ||   210
 Stab: Sleeping          |     1 |       ||     1
Armor: Leather armour    |    42 |    20 ||    62
Dodge: Dodged            |    96 |    55 ||   151
       Rpst.: Long sword |    36 |    16 ||    52

Table legend: (Time is in decaauts)
 A = Elapsed time spent in this place.
 B = Non-inter-level travel time spent in this place.
 C = Inter-level travel time spent in this place.
 D = Time resting spent in this place.
 E = Time spent auto-exploring this place.
 F = Levels seen in this place.
 G = Mean time per level.
                   A        B        C        D        E       F      G
               +--------+--------+--------+--------+--------+-----+--------+
         Total |   4444 |   4372 |     72 |      0 |   3651 |   4 | 1111.0 |
       Dungeon |   4444 |   4372 |     72 |      0 |   3651 |   4 | 1111.0 |
               +--------+--------+--------+--------+--------+-----+--------+

Top non-repeatable levels by time:
     D:2: 1700 daAuts
     D:1: 1085 daAuts
     D:3: 861 daAuts
     D:4: 796 daAuts
